 Dungeon Crawl Stone Soup version 0.31-a0-846-gb3bcc0d938 (console) character file.

Game seed: 130907047943786534

12 petzl the Sneak (level 2, 0/24 HPs)
             Began as a Formicid Delver on Oct 3, 2023.
             Succumbed to an adder's poison
             ... on level 4 of the Dungeon.
             The game lasted 00:01:16 (143 turns).

petzl the Sneak (Formicid Delver)                    Turns: 143, Time: 00:01:17

Health: 0/24       AC:  3    Str: 16    XL:     2   Next: 45%
Magic:  2/4        EV: 12    Int:  9    God:
Gold:   29         SH:  0    Dex: 15    Spells: 4/4 levels left

rFire   . . .        a - +0 mace
rCold   . . .        (no shield)
rNeg    . . .        b - +0 leather armour
rPois   .            (helmet unavailable)
rElec   .            (no cloak)
rCorr   .            (no gloves)
SInv    +            (no boots)
Will    .....        (no amulet)
Stlth   +++          (no ring)
HPRegen 0.24/turn    (no ring)
MPRegen 0.09/turn

%: no passive effects
@: lethally poisoned (0 -> -2)
A: permanent stasis, dig shafts and tunnels, antennae 3, four strong arms
a: Dig, Shaft Self


You were on level 4 of the Dungeon.
You visited 1 branch of the dungeon, and saw 2 of its levels.

You collected 29 gold pieces.

Inventory:

Hand Weapons
 a - a +0 mace (weapon)
Missiles
 g - 3 stones
Armour
 b - a +0 leather armour (worn)
Wands
 f - a wand of digging (3)
Scrolls
 c - a scroll of fog
 d - a scroll of revelation
 e - a scroll of fear


   Skills:
 - Level 3.2 Fighting
 - Level 2.0 Maces & Flails
 - Level 1.7 Dodging
 - Level 6.0 Stealth
 + Level 1.9 Spellcasting


You had 4 spell levels left.
You didn't know any spells.
Your spell library was empty.

Dungeon Overview and Level Annotations

Branches:
Dungeon (5/15)
 Temple: D:4-7

Altars:


Innate Abilities, Weirdness & Mutations

You cannot be hasted, slowed, berserked, paralysed or teleported.
You can dig through walls and to a lower floor.
You have a pair of large antennae on your head. (SInv)
Your four strong arms can wield two-handed weapons with a shield.


Message History

The adder is heavily wounded.
The adder bites you.
You are poisoned.
The adder poisons you! The adder barely misses you.
You miss the adder.
The adder is heavily wounded.
You feel sick. The adder bites you.
You are more poisoned.
The adder poisons you! The adder barely misses you.
You miss the adder.
The adder is heavily wounded.
You feel very sick. The adder misses you. The adder bites you.
You are lethally poisoned!
The adder poisons you!
You hit the adder.
You kill the adder!
You feel very sick.
Your Spellcasting skill increases to level 1!
You have reached level 2!
Unknown command.
You aren't carrying any potions.
Unknown command.
Unknown command.
Okay, then.
An endoplasm comes into view.
* * * LOW HITPOINT WARNING * * *
You feel sick.
* * * LOW HITPOINT WARNING * * *
You feel sick.
* * * LOW HITPOINT WARNING * * *
You feel sick.
You see here 8 gold pieces.
* * * LOW HITPOINT WARNING * * *
You feel sick.
* * * LOW HITPOINT WARNING * * *
You feel sick.
* * * LOW HITPOINT WARNING * * *
You feel sick.
You die...

.........# ........#.
...........
............
..#........#
#..........#
##...........
#.@...J.....#
#...........
##.......## .#
####........##..
##.##...$........
###...............
####.##.......†......
##.............#..##.#
#..........#...#..# #
##.........##.....##
####..............#
#.....#.....#.......
##.......#####......
#....###... ......
#........### ..#...
#.......## .....
###.##### ..... #...##
#....# ....≈


You could see an endoplasm.

Vanquished Creatures
  An adder (D:4)
  A giant cockroach (D:4)
  A kobold (D:4)
3 creatures vanquished.

Notes
Turn   | Place    | Note
-------+----------+-------------------------------------------
     0 | D:5      | petzl the Formicid Delver began the quest for the Orb.
     0 | D:5      | Reached XP level 1. HP: 18/18 MP: 1/1
   137 | D:4      | Reached skill level 1 in Spellcasting
   137 | D:4      | Reached XP level 2. HP: 8/24 MP: 2/4
   141 | D:4      | HP: 1/24 [poisoned by an adder]
   143 | D:4      | Succumbed to an adder's poison

Illustrated notes

Levels and vault maps discovered:
D:4:      layout_cave_pools, tso_oasis_becter, nicolae_hepliaklqana_hazy_memory,
          chequers_serial_rivers_micro_e, st_stairs_9
D:5:      layout_rooms, minmay_temple_entry_trees, serial_rivers,
          chequers_serial_rivers_marsh, chequers_serial_rivers_micro_b,
          chequers_serial_rivers_large_b, chequers_serial_rivers_micro_b

Skill      XL: |  1 |
---------------+----+-----
Spellcasting   | 1 |  1.9
Fighting       | |  3.2
Maces & Flails | |  2.0
Dodging        | |  1.7
Stealth        | |  6.0

Action                     || total
---------------------------++-------
  Melee: Mace              ||    15
   Stab: Sleeping          ||     1
 Armour: Leather armour    ||    17
  Dodge: Dodged            ||    15

Table legend: (Time is in decaauts)
 A = Elapsed time spent in this place.
 B = Non-inter-level travel time spent in this place.
 C = Inter-level travel time spent in this place.
 D = Time resting spent in this place.
 E = Time spent auto-exploring this place.
 F = Levels seen in this place.
 G = Mean time per level.
                   A        B        C        D        E       F      G
               +--------+--------+--------+--------+--------+-----+--------+
         Total |    147 |    147 |      0 |     29 |      0 |   2 |   73.5 |
       Dungeon |    147 |    147 |      0 |     29 |      0 |   2 |   73.5 |
               +--------+--------+--------+--------+--------+-----+--------+

Top non-repeatable levels by time:
     D:4: 131 daAuts
     D:5: 16 daAuts
